 Dungeon Crawl Stone Soup version 0.25.1-2-g60ff931df9 (webtiles) character file.

Game seed: 1535728472463163498

15 Chimkentus the Vexing (level 2, -1/18 HPs)
             Began as an Octopode Arcane Marksman on Aug 17, 2020.
             Slain by a jackal (2 damage)
             ... on level 2 of the Dungeon.
             The game lasted 00:03:50 (883 turns).

Chimkentus the Vexing (Octopode Arcane Marksman)     Turns: 883, Time: 00:03:50

Health: -1/18      AC:  1    Str:  9    XL:     2   Next: 50%
Magic:  3/3        EV: 13    Int: 15    God:
Gold:   52         SH:  0    Dex: 12    Spells: 0/3 levels left

rFire    . . .     SeeInvis +   e - +0 mace
rCold    + . .     Gourm    .   (no shield)
rNeg     . . .     Faith    .   (helmet restricted)
rPois    .         Spirit   .   (no amulet)
rElec    .         Reflect  .   f - ring of see invisible
rCorr    .         Harm     .   k - ring of ice
MR       .....                  l - ring of protection from fire
Stlth    ++........             (no ring)
HPRegen  0.06/turn              (no ring)
MPRegen  0.08/turn              (no ring)
                                (no ring)
                                (no ring)

@: no status effects
A: almost no armour, stealthy swim, amphibious, 8 rings, constrict 8, camouflage
1, gelatinous body 1
a: no special abilities


You were on level 2 of the Dungeon.
You were not hungry.

You visited 1 branch of the dungeon, and saw 2 of its levels.

You collected 52 gold pieces.

Inventory:

Hand Weapons
 e - a +0 mace (weapon)
 o - a +0 dagger
Missiles
 a - 18 arrows
 c - a throwing net
 g - 5 javelins
 i - 17 sling bullets
 p - a stone
 r - 14 poisoned darts (quivered)
Jewellery
 f - a ring of see invisible (left tentacle)
 k - a ring of ice (right tentacle)
 l - a ring of protection from fire (on tentacle)
Scrolls
 h - a scroll of identify {unknown}
 m - a scroll of random uselessness {unknown}
 n - a scroll of amnesia {unknown}
 q - 3 scrolls of noise {unknown}
Comestibles
 d - a ration
 j - a chunk of flesh


   Skills:
 * Level 1.1 Fighting
 + Level 0.1 Maces & Flails
 + Level 2.0 Throwing
 * Level 2.1 Dodging
 + Level 0.2 Stealth
 + Level 1.0 Spellcasting
 * Level 3.5 Hexes


You couldn't memorise any spells.
You knew the following spells:

 Your Spells              Type           Power        Failure   Level  Hunger
a - Corona                Hex            ##.....      6%          1    ##.....
b - Slow                  Hex            ##......     9%          2    ###....

Your spell library contained the following spells:

 Spells                   Type           Power        Failure   Level  Hunger
 Inner Flame              Hex/Fire       #.......     34%         3    ####...
 Portal Projectile        Hex/Tloc       #.....       34%         3    ####...
 Cause Fear               Hex            ##........   50%         4    #####..
 Leda's Liquefaction      Hex/Erth       #.........   75%         4    #####..


Dungeon Overview and Level Annotations

Branches:
Dungeon (2/15)

Altars:


Innate Abilities, Weirdness & Mutations

You cannot wear most types of armour.
You are very stealthy in the water. (Stealth+)
You are amphibious.
You can wear up to eight rings at the same time.
You can use your tentacles to constrict eight enemies at once.
Your skin changes colour to match your surroundings (Stealth+).
Your rubbery body absorbs attacks. (AC +1, EV +1)


Message History

Found five items.
You are too injured to fight recklessly!
You hit the jackal but do no damage. You grab the jackal.
You constrict the jackal, but do no damage.
The jackal struggles to escape constriction.
The jackal escapes!
The jackal bites you.
Found a pair of gloves.
You barely miss the jackal. Your grab misses the jackal. The jackal bites you.
* * * LOW HITPOINT WARNING * * *
The jackal closely misses you. x2
You barely miss the jackal. Your grab misses the jackal.
You squeeze the jackal.
The jackal is moderately wounded.
The jackal bites you.
* * * LOW HITPOINT WARNING * * *
The jackal bites you.
* * * LOW HITPOINT WARNING * * *
The jackal bites you.
You die...

#..†............#.
#.................
#................#
#................#
##.....#.....##
########.####
.......hh#
.......@.#
.........#
.$.....?.#
.......[.#
.?.......#
..)......#
.........#
........[#


You could see 2 jackals.

Vanquished Creatures
  2 giant cockroaches (D:1)
  A goblin (D:2)
  2 hobgoblins (D:1)
  2 jackals (D:2)
  A kobold (D:2)
  A ball python (D:2)
  3 bats
  2 frilled lizards (D:1)
14 creatures vanquished.

Notes
Turn   | Place    | Note
-------+----------+-------------------------------------------
     0 | D:1      | Chimkentus the Octopode Arcane Marksman began the quest for
                  | the Orb.
     0 | D:1      | Reached XP level 1. HP: 13/13 MP: 2/2
   474 | D:1      | Reached XP level 2. HP: 18/18 MP: 0/3
   478 | D:1      | Learned a level 2 spell: Slow
   883 | D:2      | Slain by a jackal

Illustrated notes

Levels and vault maps discovered:
D:1:      dpeg_arrival_rooms_a, layout_basic, chequers_serial_rivers_marsh,
          minmay_pentomino_w4
D:2:      layout_rooms

Action                   || total
-------------------------++-------
Melee: Unarmed           ||    11
       Mace              ||    26
       Constrict         ||    12
       Tentacles         ||     6
Throw: Javelin           ||     6
       Throwing net      ||     1
       Dart              ||     1
 Cast: Corona            ||     2
  Use: Potion            ||     3
 Stab: Sleeping          ||     2
Armor: Skin              ||     8
Dodge: Dodged            ||    49
